 Dungeon Crawl Stone Soup version 0.24-a0-521-g122614bf49 (webtiles) character file.

Game seed: 8436714056717912800

139769 inmateoo the Grappler (level 17, -2/234 HPs)
             Began as an Ogre Monk on July 28, 2019.
             Was the Champion of Cheibriados.
             Slain by the 27-headed Lernaean hydra (8 damage)
             ... on level 4 of the Swamp.
             The game lasted 00:46:25 (33234 turns).

inmateoo the Grappler (Ogre Monk)                  Turns: 33234, Time: 00:46:26

Health: -2/234     AC: 30    Str: 39    XL:     17   Next: 29%
Magic:  19/31      EV: 20    Int: 26    God:    Cheibriados [******]
Gold:   845        SH:  0    Dex: 26    Spells: 26/36 levels left

rFire    . . .     SeeInvis .     - Unarmed
rCold    . . .     Gourm    .   (no shield)
rNeg     + . .     Faith    .   (armour currently unavailable)
rPois    ∞         Spirit   .   e - +2 hat
rElec    +         Reflect  .   N - +1 cloak {rPois}
rCorr    .         Harm     .   (gloves unavailable)
MR       +++..                  (boots unavailable)
Stlth    ++++......             h - amulet of regeneration
HPRegen  0.89/turn              g - ring of wizardry
MPRegen  0.22/turn              P - ring of protection from magic

@: statue-form, studying Dodging, very slow
A: large, unfitting armour, magic resistance 1, screaming 1
a: End Transformation, Bend Time, Temporal Distortion, Slouch, Step From Time,
Renounce Religion


You were on level 4 of the Swamp.
You worshipped Cheibriados.
Cheibriados was exalted by your worship.
You were very hungry.
You were a stone statue.
You visited 5 branches of the dungeon, and saw 28 of its levels.
You also visited: Sewer, Bailey, Gauntlet and Volcano.

You collected 2561 gold pieces.
You spent 1716 gold pieces at shops.

Inventory:

Missiles
 q - a throwing net
 r - 23 javelins
 B - 14 large rocks (quivered)
 S - 8 silver javelins
Armour
 e - a +2 hat (worn)
 D - a +2 robe of fire resistance (melded)
 I - a +0 large shield
 K - the +1 shield "Coax" {rPois rC- Str+3 Slay+5}
   (You took it off a minotaur in a Gauntlet)

   It affects your strength (+3).
   It affects your accuracy and damage with ranged weapons and melee attacks
   (+5).
   It makes you vulnerable to cold.
   It protects you from poison.
 L - the +10 large shield of Ignorance {rN+ Int-4}
   (You found it on level 1 of the Orcish Mines)

   It affects your intelligence (-4).
   It protects you from negative energy.
 N - a +1 cloak of poison resistance (worn)
Jewellery
 g - a ring of wizardry (left hand)
 h - an amulet of regeneration (around neck)
 l - a +2 ring of slaying
 n - an uncursed ring of ice
 w - an uncursed ring of poison resistance
 C - an uncursed ring of ice
 M - an uncursed ring of see invisible
 P - a ring of protection from magic (right hand)
 Q - an uncursed ring of ice
 U - a cursed ring of teleportation {unknown}
 X - a cursed -2 ring of protection {unknown}
Wands
 a - a wand of scattershot (4)
 k - a wand of polymorph (16)
 u - a wand of flame (42)
 v - a wand of disintegration (21)
 y - a wand of digging (15)
 H - a wand of enslavement (4)
 R - a wand of acid (53)
Scrolls
 d - 11 scrolls of remove curse
 i - 14 scrolls of teleportation
 A - 3 scrolls of fear
 G - 3 scrolls of enchant weapon
 J - 5 scrolls of identify
 V - a scroll of fog
 W - 2 scrolls of magic mapping
Potions
 c - 3 potions of heal wounds
 j - a potion of resistance
 m - 2 potions of invisibility
 o - a potion of magic
 p - 2 potions of flight
 s - a potion of cancellation
 t - 5 potions of curing
 x - 2 potions of ambrosia
 z - 2 potions of might
 E - 3 potions of agility
 F - 7 potions of mutation
 O - 2 potions of brilliance
Books
 T - a manual of Dodging
Comestibles
 b - 32 rations


   Skills:
 - Level 14.0 Fighting
 - Level 8.0 Throwing
 - Level 5.0 Armour
 + Level 11.1 Dodging
 - Level 6.0 Stealth
 + Level 14.1 Unarmed Combat
 * Level 10.0 Spellcasting
 * Level 9.1 Transmutations
 * Level 9.2 Earth Magic
 - Level 10.0 Invocations


You had 26 spell levels left.
You knew the following spells:

 Your Spells              Type           Power        Failure   Level  Hunger
a - Statue Form           Tmut/Erth      ######...    6%          6    #####..
b - Mephitic Cloud        Conj/Pois/Air  ##......     6%          3    None
c - Apportation           Tloc           ##....       1%          1    None

Your spell library contained the following spells:

 Spells                   Type           Power        Failure   Level  Hunger
 Animate Skeleton         Necr           N/A          1%          1    None
 Confusing Touch          Hex            ##....       1%          1    None
 Corona                   Hex            ##.....      1%          1    None
 Flame Tongue             Conj/Fire      ##...        1%          1    None
 Sting                    Conj/Pois      ##..         1%          1    None
 Summon Small Mammal      Summ           ##..         1%          1    None
 Poisonous Vapours        Pois/Air       ##....       2%          2    None
 Slow                     Hex            ##......     2%          2    None
 Throw Flame              Conj/Fire      ##....       2%          2    None
 Ice Form                 Ice/Tmut       #####...     2%          4    None
 Conjure Flame            Conj/Fire      ##......     6%          3    None
 Inner Flame              Hex/Fire       ##......     6%          3    None
 Static Discharge         Conj/Air       ##......     6%          3    None
 Summon Guardian Golem    Hex/Summ       ##......     6%          3    None
 Hydra Form               Tmut           ######....   6%          6    #####..
 Bolt of Magma            Conj/Fire/Erth ####......   16%         5    ####...
 Airstrike                Air            ##........   17%         4    None
 Olgreb's Toxic Radiance  Pois           ##......     17%         4    None
 Sticky Flame             Conj/Fire      ##......     17%         4    None
 Dragon Form              Tmut           ######....   32%         7    #######
 Iron Shot                Conj/Erth      #####.....   38%         6    #####..
 Aura of Abjuration       Summ           ##........   43%         5    ####...
 Fireball                 Conj/Fire      ##........   43%         5    ####...
 Iskenderun's Battlesphe  Conj/Chrm      ##......     43%         5    ####...
 Summon Demon             Summ           ##........   43%         5    ####...
 Venom Bolt               Conj/Pois      ##........   43%         5    ####...
 Freezing Cloud           Conj/Ice/Air   ##........   93%         6    #####..
 Ozocubu's Refrigeration  Ice            ##........   93%         6    #####..
 Malign Gateway           Summ/Tloc      ##........   100%        7    #######
 Orb of Destruction       Conj           ##........   100%        7    #######
 Spellforged Servitor     Conj/Summ      ##........   100%        7    #######


Dungeon Overview and Level Annotations

Branches:
Dungeon (15/15)            Temple (1/1) D:5            Lair (6/6) D:8
  Swamp (4/4) Lair:2       Spider (0/4) Lair:4        Slime (0/5) Lair:6
    Orc (2/2) D:12            Elf (0/3) Orc:2        Vaults (0/5) D:13
 Depths: D:15

Altars:
Ashenzari
Cheibriados
Elyvilon
Fedhas
Gozag
Hepliaklqana
Kikubaaqudgha
Makhleb
Nemelex Xobeh
Okawaru
Qazlal
Ru
Sif Muna
Trog
Uskayaw
Vehumet
Wu Jian
Xom
Yredelemnul
Zin
The Shining One
Beogh

Shops:
D:4 (   D:6 [   D:7 (   Orc:1 (   Orc:2 ::}!

Annotations:
D:5 3 runed translucent doors, zhorgal's ghost, novice MiMo
D:12 3 runed translucent doors, confidenceinterval's ghost, journeyman DsFi
Lair:5 1 runed translucent door, nikopol's ghost, journeyman MiBe
Swamp:4 1 runed translucent door, Lernaean hydra; melvinkitnick's ghost, adept SpEn
Orc:1 1 runed translucent door, exclusion: 4 orange crystal statues


Innate Abilities, Weirdness & Mutations

You are too large for most types of armour.
((You have tough skin. (AC +1)))
You are resistant to hostile enchantments. (MR+)
You occasionally shout uncontrollably at your foes.


Message History

The 27-headed Lernaean hydra barely misses you.
The 27-headed Lernaean hydra bites you.
* * * LOW HITPOINT WARNING * * *
The 27-headed Lernaean hydra bites you but does no damage.
The 27-headed Lernaean hydra completely misses you.
The 27-headed Lernaean hydra bites you.
* * * LOW HITPOINT WARNING * * *
The 27-headed Lernaean hydra bites you but does no damage. x3
The 27-headed Lernaean hydra completely misses you.
The 27-headed Lernaean hydra bites you but does no damage. x2
The 27-headed Lernaean hydra misses you.
The 27-headed Lernaean hydra bites you but does no damage.
The 27-headed Lernaean hydra misses you.
The 27-headed Lernaean hydra bites you but does no damage. x4
The 27-headed Lernaean hydra misses you.
The 27-headed Lernaean hydra bites you but does no damage.
The 27-headed Lernaean hydra completely misses you.
The 27-headed Lernaean hydra bites you but does no damage. x3
The 27-headed Lernaean hydra bites you!
You die...

.. ..†... #≈ ♣♣♣≈≈...
≈≈§#≈≈≈..###≈ ♣≈≈#≈..≈
≈.≈#≈(≈≈#.#≈## ♣≈≈..§#≈
≈≈#D≈≈≈.#≈≈≈≈# ♣≈#.≈...
≈.§≈.≈≈≈.≈≈≈≈# ♣♣♣≈.≈.≈≈
≈≈≈≈§.#[≈≈≈# ≈.♣♣♣≈...
≈§≈≈§nFD≈#≈## ≈.♣♣≈≈.≈
≈≈≈≈##≈D#○≈≈######.♣♣♣.≈
≈§≈≈.≈≈8#§#≈≈.##≈..≈≈...
...........(......≈..≈..
.##≈.≈##.≈§.§≈#≈........
#≈≈≈≈≈≈##≈≈≈####.♣♣.≈.≈
##≈####≈≈#####≈.♣♣♣.≈..
## ### ♣≈.♣♣♣♣≈.... ♣♣
♣..... ♣♣.#.. ♣♣♣♣♣
♣.....


You could see the 27-headed Lernaean hydra, a swamp dragon, a friendly
four-headed hydra, a friendly bog body and a friendly spiny frog.

Vanquished Creatures
  Roxanne (D:14)
  Aizul (Swamp:1)
  An orc warlord (Orc:1)
  A minotaur (Gauntlet)
  Azrael (Orc:2)
  A fire dragon (D:14)
  Josephine (D:15)
  Fannar (Orc:1)
  4 vault guards (D:13)
  19 hydras
  Erolcha (Orc:1)
  A catoblepas (D:10)
  2 ghost crabs
  2 centaur warriors (D:13)
  6 death yaks (Lair:5)
  9 alligators
  3 orc high priests (Orc:2)
  Nergalle (D:11)
  A skeletal warrior (D:15)
  A death drake (Gauntlet)
  2 unseen horrors
  4 wizards
  9 swamp dragons
  A spectral wolf spider (Gauntlet)
  A lindwurm (Lair:4)
  7 orc knights
  3 deep elf magi (D:12)
  5 orc sorcerers
  8 ugly things
  A mana viper (shapeshifter) (D:13)
  3 cyclopes
  An oklob plant (Lair:3)
  A manticore (D:10)
  A cyclops (shapeshifter) (Gauntlet)
  A spectral centaur (Gauntlet)
  2 black mambas (Lair:6)
  A guardian serpent (D:12)
  5 elephants (Lair:6)
  37 spiny frogs
  A water nymph (shapeshifter) (Gauntlet)
  A gargoyle (D:12)
  Psyche (D:8)
  A spectral redback (Gauntlet)
  A redback zombie (D:13)
  A rime drake (Lair:6)
  5 komodo dragons
  6 polar bears (Lair:2)
  A jumping spider (shapeshifter) (Gauntlet)
  A jumping spider (Lair:4)
  7 hornets
  6 trolls
  13 tyrant leeches
  31 blink frogs
  Prince Ribbit (D:8)
  6 dream sheep (Lair:6)
  10 slime creatures
  16 bog bodies
  11 hippogriffs
  6 flying skulls (Gauntlet)
  6 spriggans
  2 vampires
  4 shadows
  A tarantella (D:14)
  A redback (Lair:4)
  7 wraiths
  2 fire elementals (Orc:2)
  25 yaks
  4 wyverns
  A hungry ghost (D:11)
  2 steam dragons
  3 basilisks
  5 wargs
  15 insubstantial wisps
  24 vampire mosquitoes
  18 swamp worms
  6 water moccasins
  2 soldier ants
  12 porcupines
  6 hell hounds
  An acid dragon (Lair:4)
  14 swamp drakes
  4 ice beasts
  3 sky beasts
  13 black bears
  12 ogres
  49 orc warriors
  2 phantoms (D:10)
  A hornet zombie (D:12)
  2 eyes of draining (D:12)
  A necrophage (D:7)
  5 boggarts (D:15)
  16 wolves
  17 crocodiles
  21 centaurs
  A big kobold (Sewer)
  22 bullfrogs
  A wyvern skeleton (D:10)
  2 scorpions
  9 killer bees (D:9)
  10 howler monkeys
  6 wights
  7 electric eels
  2 bullfrog zombies (D:5)
  7 centaur zombies
  6 hounds
  2 quasits
  8 jellies
  23 orc priests
  3 centaur skeletons
  2 human zombies (D:7)
  27 orc wizards
  A bullfrog skeleton (D:11)
  A human skeleton (D:7)
  6 hell rats (Lair:6)
  3 iguanas
  12 worker ants
  A killer bee zombie (D:9)
  A hound zombie (D:6)
  3 hound skeletons
  3 mummies (D:7)
  A worker ant zombie (D:9)
  13 adders
  3 shadow imps
  3 oozes
  An adder skeleton (D:5)
  3 worms
  A dart slug (D:2)
  14 leopard geckos
  134 orcs
  3 ball pythons (Sewer)
  8 bats
  7 giant cockroaches
  4 goblins (D:9)
  6 hobgoblins
  12 jackals
  9 kobolds
  2 quokkas
  8 frilled lizards
  A giant cockroach zombie (D:5)
  An orc skeleton (D:7)
  3 quokka skeletons
  11 rats
  A fungus (Lair:2)
1002 creatures vanquished.

Vanquished Creatures (collateral kills)
  An orc (D:14)
1 creature vanquished.

Vanquished Creatures (others)
  A hydra (Swamp:1)
  A swamp worm (Swamp:3)
  A centaur (Lair:2)
  An orc (Orc:2)
  A bush (Lair:6)
  22 fungi
  44 plants
71 creatures vanquished.

Grand Total: 1074 creatures vanquished

Notes
Turn   | Place    | Note
-------+----------+-------------------------------------------
     0 | D:1      | inmateoo the Ogre Monk began the quest for the Orb.
     0 | D:1      | Reached XP level 1. HP: 24/24 MP: 1/1
   136 | D:1      | Reached XP level 2. HP: 18/32 MP: 2/2
   964 | D:1      | Reached XP level 3. HP: 40/40 MP: 3/3
  1592 | D:2      | Found a white marble altar of Elyvilon.
  1757 | D:2      | Reached XP level 4. HP: 42/49 MP: 4/4
  1968 | D:2      | Found a faded altar of an unknown god.
  1978 | D:2      | Reached skill level 5 in Fighting
  2697 | D:3      | Reached XP level 5. HP: 43/57 MP: 5/5
  2724 | D:4      | Found Riag's Weapon Shoppe.
  2862 | D:4      | Found a glowing drain.
  2919 | Sewer    | Entered a sewer
  3035 | Sewer    | Noticed a big kobold
  3061 | Sewer    | Killed a big kobold
  3061 | Sewer    | Reached skill level 5 in Unarmed Combat
  3061 | Sewer    | Reached XP level 6. HP: 41/67 MP: 6/6
  3997 | D:5      | Entered Level 5 of the Dungeon
  3997 | D:5      | Found a shattered altar of Ashenzari.
  3997 | D:5      | Found a sparkling altar of Nemelex Xobeh.
  3999 | D:5      | Noticed an ice beast
  4008 | D:5      | Killed an ice beast
  4008 | D:5      | Reached XP level 7. HP: 37/76 MP: 7/7
  4247 | D:5      | Found a bloodstained altar of Trog.
  4250 | D:5      | Found a hazy altar of Hepliaklqana.
  4355 | D:4      | Found an iron altar of Okawaru.
  4458 | D:4      | HP: 3/76 [ogre/+0 giant club (16)]
  4861 | D:5      | Found a transporter.
  5207 | D:5      | Reached XP level 8. HP: 72/88 MP: 8/8
  5294 | D:5      | Found a staircase to the Ecumenical Temple.
  5678 | Temple   | Entered the Ecumenical Temple
  5823 | Temple   | Became a worshipper of Cheibriados the Contemplative
  5823 | Temple   | Reached * piety under Cheibriados
  5823 | Temple   | Reached ** piety under Cheibriados
  5852 | D:5      | Found a transporter.
  6061 | D:5      | Found a runed translucent gate.
  6061 | D:5      | Found a runed translucent gate.
  6062 | D:5      | Noticed zhorgal's ghost (novice MiMo)
  6063 | D:5      | Found a runed translucent gate.
  6065 | D:5      | Found a roughly hewn altar of Beogh.
  6069 | D:5      | Identified the +9 scimitar of the Salmon {slice, rElec
                  | Dex+3}
  6069 | D:5      | Identified the +9 plate armour of Courage {Dex+3}
  6416 | D:6      | Found Huurenwo's Armour Emporium.
  7423 | D:6      | Gained mutation: You occasionally shout uncontrollably at
                  | your foes. [potion of mutation]
  7423 | D:6      | Gained mutation: You are resistant to hostile enchantments.
                  | (MR+) [potion of mutation]
  7952 | D:7      | Noticed a hippogriff
  7956 | D:7      | Reached XP level 9. HP: 74/100 MP: 9/9
  8143 | D:7      | Found Dikosa's Weapon Shop.
  8400 | D:7      | Reached skill level 10 in Fighting
  8429 | D:7      | Reached *** piety under Cheibriados
  8645 | D:7      | Reached skill level 5 in Dodging
  9086 | D:7      | Found an ancient bone altar of Kikubaaqudgha.
  9394 | D:8      | Identified the cursed +1 long sword of Qikhlis {venom, rF+
                  | rN+}
  9764 | D:8      | Reached XP level 10. HP: 110/110 MP: 10/10
  9821 | D:8      | Reached **** piety under Cheibriados
 10006 | D:8      | Found a staircase to the Lair.
 10014 | D:8      | Noticed Psyche
 10099 | D:8      | Reached skill level 10 in Unarmed Combat
 10138 | D:8      | Killed Psyche
 10786 | D:8      | Found a radiant altar of Vehumet.
 10946 | D:8      | Noticed Prince Ribbit
 10970 | D:8      | Killed Prince Ribbit
 11057 | D:9      | Noticed Maurice
 11062 | D:9      | Found a basalt altar of Yredelemnul.
 11062 | D:9      | Found a burning altar of Makhleb.
 11088 | D:9      | Reached skill level 1 in Invocations
 11129 | D:9      | Reached ***** piety under Cheibriados
 11176 | D:9      | Found a flagged portal.
 11384 | Bailey   | Entered a bailey
 13266 | Bailey   | Noticed an orc knight
 13332 | D:9      | Noticed Maurice
 13332 | D:9      | Maurice changed into Maurice the wolf
 13340 | D:9      | Killed Maurice the wolf
 13532 | D:9      | Reached XP level 11. HP: 113/117 MP: 14/14
 13586 | D:9      | Reached skill level 5 in Invocations
 13871 | D:10     | Entered Level 10 of the Dungeon
 14807 | D:10     | Got a polished hand crossbow
 14810 | D:10     | Identified the +8 hand crossbow "Goewn" {freeze, +Blink
                  | Str+2} (You found it on level 10 of the Dungeon)
 15260 | D:10     | Noticed a catoblepas
 15261 | D:10     | Noticed a manticore
 15268 | D:10     | Killed a catoblepas
 15268 | D:10     | Reached skill level 1 in Throwing
 15309 | D:10     | Killed a manticore
 15309 | D:10     | Reached skill level 1 in Armour
 15654 | D:11     | Noticed a purple ugly thing
 15664 | D:11     | Killed a purple ugly thing
 16210 | D:11     | Noticed Nergalle
 16222 | D:11     | Killed Nergalle
 16222 | D:11     | Reached skill level 1 in Spellcasting
 16238 | D:11     | Reached XP level 12. HP: 85/128 MP: 10/17
 16595 | D:11     | HP: 4/128 [orc warrior/+0 trident (20)]
 16966 | D:11     | Found a roughly hewn altar of Beogh.
 17350 | D:12     | Found a shattered altar of Ashenzari.
 17446 | D:12     | Learned a level 3 spell: Mephitic Cloud
 17750 | D:12     | Found a staircase to the Orcish Mines.
 17947 | D:12     | Found a runed translucent gate.
 17947 | D:12     | Found a runed translucent gate.
 17947 | D:12     | Found a runed translucent gate.
 17949 | D:12     | Noticed an 11-headed hydra
 17950 | D:12     | Noticed confidenceinterval's ghost (journeyman DsFi)
 17952 | D:12     | Noticed a 13-headed hydra
 18136 | D:12     | Found the +12 glaive of Prune {chop}
 18912 | D:13     | Found a gate to the Vaults.
 18912 | D:13     | Noticed a vault guard
 18912 | D:13     | Noticed a vault guard
 18912 | D:13     | Noticed a vault guard
 18912 | D:13     | Noticed a vault guard
 18921 | D:13     | Reached XP level 13. HP: 103/137 MP: 19/19
 18932 | D:13     | Killed a vault guard
 18948 | D:13     | Killed a vault guard
 19163 | D:13     | Killed a vault guard
 19305 | D:13     | Killed a vault guard
 19305 | D:13     | Reached skill level 5 in Throwing
 19836 | D:13     | Reached skill level 5 in Spellcasting
 20278 | D:13     | Paralysed by a hornet for 3 turns
 20287 | D:13     | Paralysed by a hornet for 2 turns
 20942 | D:14     | Noticed a fire dragon
 20957 | D:14     | Killed a fire dragon
 21076 | D:14     | Found an opulent altar of Gozag.
 21142 | D:14     | Identified Roxanne's Grimoire of Transformation
 21142 | D:14     | Noticed Roxanne
 21371 | D:14     | Killed Roxanne
 21386 | D:14     | Learned a level 6 spell: Statue Form
 21402 | D:15     | Entered Level 15 of the Dungeon
 21406 | D:15     | Reached skill level 5 in Armour
 21408 | D:15     | Reached XP level 14. HP: 150/150 MP: 16/22
 21465 | D:15     | Reached skill level 1 in Transmutations
 21465 | D:15     | Reached skill level 1 in Earth Magic
 21495 | D:15     | Noticed Josephine
 21503 | D:15     | Killed Josephine
 21801 | Lair:1   | Entered Level 1 of the Lair of Beasts
 22771 | Lair:2   | Reached skill level 10 in Invocations
 22895 | Lair:2   | Found a hide-covered altar of Uskayaw.
 23262 | Lair:2   | You fall into a shaft and drop 1 floor!
 23739 | Lair:3   | Reached skill level 5 in Stealth
 24087 | Lair:2   | Found a staircase to the Swamp.
 24333 | Lair:3   | HP: 7/150 [poisoned by a spiny frog]
 24338 | Lair:3   | HP: 6/150 [poisoned by a spiny frog]
 24343 | Lair:3   | HP: 4/150 [poisoned by a spiny frog]
 24348 | Lair:3   | HP: 5/150 [poisoned by a spiny frog]
 24354 | Lair:3   | HP: 7/150 [poisoned by a spiny frog]
 24629 | Lair:3   | Reached ****** piety under Cheibriados
 25097 | Lair:4   | Found a dark tunnel.
 25117 | Volcano  | Entered a volcano
 25310 | Lair:4   | Noticed Sonja
 25311 | Lair:4   | Noticed Sonja
 25311 | Lair:4   | Sonja changed into Sonja the acid dragon
 25320 | Lair:4   | Killed Sonja the acid dragon
 25570 | Lair:4   | Found a hole to the Spider Nest.
 25830 | Lair:5   | Found a gate leading to a gauntlet.
 25844 | Gauntlet | Entered a Gauntlet
 25844 | Gauntlet | Found a transporter.
 25844 | Gauntlet | Found a transporter.
 25844 | Gauntlet | Found a transporter.
 25845 | Gauntlet | Found a transporter.
 25846 | Gauntlet | Found a transporter.
 25849 | Gauntlet | Found a transporter.
 25857 | Gauntlet | Found a transporter.
 25858 | Gauntlet | Found a transporter.
 25859 | Gauntlet | Found a transporter.
 25860 | Gauntlet | Found a large runed translucent door.
 25860 | Gauntlet | Found a transporter.
 25861 | Gauntlet | Found a large runed translucent door.
 25862 | Gauntlet | Found a large runed translucent door.
 25862 | Gauntlet | Found a large runed translucent door.
 25862 | Gauntlet | Found a runed translucent door.
 25863 | Gauntlet | Found a large runed translucent door.
 25864 | Gauntlet | Found a large runed translucent door.
 25865 | Gauntlet | Found a large runed translucent door.
 25865 | Gauntlet | Found a large runed translucent door.
 25866 | Gauntlet | Found a runed translucent gate.
 25866 | Gauntlet | Found a runed translucent gate.
 25868 | Gauntlet | Found a transporter.
 25869 | Gauntlet | Found a transporter.
 25878 | Gauntlet | Found a runed translucent gate.
 25879 | Gauntlet | Found a large runed translucent door.
 25879 | Gauntlet | Found a large runed translucent door.
 25880 | Gauntlet | Found a large runed translucent door.
 25881 | Gauntlet | Found a large runed translucent door.
 25890 | Gauntlet | Found a large runed translucent door.
 25890 | Gauntlet | Found a large runed translucent door.
 25890 | Gauntlet | Found a runed translucent door.
 25891 | Gauntlet | Found a large runed translucent door.
 25892 | Gauntlet | Found a large runed translucent door.
 26270 | Gauntlet | Reached XP level 15. HP: 159/159 MP: 19/24
 26322 | Gauntlet | Identified the +7 flail "Giqaluoz" {vamp, *Rage +Inv rN+
                  | Int+2}
 26322 | Gauntlet | Identified the +1 shield "Coax" {rPois rC- Str+3 Slay+5}
 26349 | Gauntlet | Identified the Compendium of Creative Lightness
 26351 | Gauntlet | Got a faintly glowing robe
 26358 | Gauntlet | Identified Sif Muna's Handbook of Ice and Enchantment
 26375 | Gauntlet | Identified the +1 robe of Gluttony {Str+4} (You found it in
                  | a Gauntlet)
 26531 | Lair:5   | Found a shimmering altar of Xom.
 26531 | Lair:5   | Identified the +6 halberd of the Twenty Demons {chaos,
                  | *Slow Str+2 Int+2 Dex+2}
 26531 | Lair:5   | Noticed nikopol's ghost (journeyman MiBe)
 26532 | Lair:5   | Found a runed translucent door.
 26643 | Lair:5   | Reached skill level 5 in Transmutations
 26645 | Lair:5   | Reached skill level 5 in Earth Magic
 27201 | Lair:6   | Entered Level 6 of the Lair of Beasts
 27949 | Lair:6   | Found a staircase to the Slime Pits.
 28750 | Orc:1    | Entered Level 1 of the Orcish Mines
 28750 | Orc:1    | Found Takhlol's Weapon Emporium.
 28821 | Orc:1    | Found a runed translucent door.
 28832 | Orc:1    | Found the +10 large shield of Ignorance {rN+ Int-4}
 28836 | Orc:1    | Noticed Fannar
 28837 | Orc:1    | Found a runed translucent door.
 28847 | Orc:1    | Killed Fannar
 28850 | Orc:1    | Noticed an orc warlord
 28861 | Orc:1    | Killed an orc warlord
 28864 | Orc:1    | Reached XP level 16. HP: 171/171 MP: 21/26
 29100 | Orc:1    | Noticed Erolcha
 29110 | Orc:1    | Killed Erolcha
 29375 | Orc:1    | Learned a level 1 spell: Apportation
 29409 | Orc:2    | Entered Level 2 of the Orcish Mines
 29499 | Orc:2    | Noticed Azrael
 29504 | Orc:2    | Reached skill level 10 in Dodging
 29505 | Orc:2    | Killed Azrael
 29582 | Orc:2    | Found a staircase to the Elven Halls.
 29945 | Orc:2    | Found Petib's Distillery.
 29945 | Orc:2    | Found Upeafosi's Book Emporium.
 29950 | Orc:2    | Found Owkar's Gadget Shop.
 29950 | Orc:2    | Found Eganejaf's Book Emporium.
 29981 | Orc:2    | Bought a potion of agility for 60 gold pieces
 29988 | Orc:2    | Bought a manual of Dodging for 1656 gold pieces
 30324 | Swamp:1  | Entered Level 1 of the Swamp
 30465 | Swamp:1  | Noticed Aizul
 30478 | Swamp:1  | Killed Aizul
 32726 | Swamp:4  | Entered Level 4 of the Swamp
 32784 | Swamp:4  | Reached XP level 17. HP: 180/180 MP: 25/30
 33077 | Swamp:4  | Found a runed translucent door.
 33077 | Swamp:4  | Noticed melvinkitnick's ghost (adept SpEn)
 33221 | Swamp:4  | Noticed the 27-headed Lernaean hydra
 33223 | Swamp:4  | Reached skill level 10 in Spellcasting
 33233 | Swamp:4  | HP: 8/234 [the 27-headed Lernaean hydra (4)]
 33234 | Swamp:4  | Slain by the 27-headed Lernaean hydra

Levels and vault maps discovered:
D:1:      lemuel_arrival_muddy, layout_loops_cross, roderic_roman_lattice,
          minmay_pentomino_z2
D:2:      layout_basic, chequers_ecumenical_altar_simple, elyvilon_altar_1
D:3:      wander_river, layout_basic
D:4:      layout_basic, lemuel_doored_altar, first_ration, serial_shops, shop,
          gup_sewer_entry_pipe
D:5:      gammafunk_steamed_eel, layout_basic, grunt_temple_overflow_open,
          minmay_temple_entry_large_hall, biasface_ghost_orc_armoury
D:6:      layout_layer_cave, serial_shops, shop
D:7:      layout_loops_ring, lemuel_mausoleum_altar_kikubaaqudgha, serial_shops,
          shop, minivault_25, the_bakery
D:8:      layout_gridville, overflow_temple_1_default,
          erik_lair_orcish_takeover, uniq_psyche, uniq_prince_ribbit1
D:9:      layout_gridville, chequers_temple_overflow_statue_of_worship,
          enter_bailey_3, uniq_maurice
D:10:     nzn_motion_control, layout_basic
D:11:     layout_layer_cave, special_room [special_room_orc], uniq_nergalle
D:12:     layout_roguey, hiddenorc1_lemuel, gammafunk_ghost_hydra_chop,
          st_stairs_14, kennysheep_flooded_box, minmay_guarded_unrand_prune
D:13:     layout_grid_maze, lightli_vaults_fourway_checkpoint
D:14:     layout_rooms, minmay_strange_pillars,
          nicolae_gozag_cash_rules_everything_around_me, uniq_roxanne
D:15:     gammafunk_depths_entry_grave, layout_irregular_city, uniq_josephine
Temple:   nicolae_temple_figure_eight
Lair:1:   layout_hall_layers
Lair:2:   beast_lair_carwin_large_4, layout_misc_corridors,
          nicolae_swamp_entry_splash_gauntlet, lemuel_centaur_altar
Lair:3:   layout_chaotic_city, minmay_stone_trees_small, lemuel_old_faithful,
          grunt_megastairs_3
Lair:4:   layout_hall_layers, spider_nest_entry_funnel_web,
          nicolae_volcano_entry_vermiform, serial_bayou_shore_b,
          grunt_megastairs_4, serial_bayou_shore_a, uniq_sonja
Lair:5:   layout_roguey, gauntlet_entry_generic, ebering_ghost_xom,
          grunt_forest_small_clearing_treed
Lair:6:   minmay_lair_end_frog_pond, layout_regular_city,
          minmay_slime_entry_pillars
Swamp:1:  layout_basic_swamp, nicolae_swamp_very_dense_foliage, swamp_pool2,
          uniq_aizul
Swamp:2:  layout_basic_swamp, evilmike_swamp_ruin_house_3
Swamp:3:  layout_falls_marsh, evilmike_swamp_ruin_house_1, hangedman_swamp_cone,
          swamp_pool5
Swamp:4:  swamp_old_school, layout_basic_swamp, ebering_ghost_inner_flame,
          swamp_pool1
Orc:1:    layout_caves, serial_shops, shop, chequers_guarded_unrand_ignorance,
          uniq_fannar, uniq_erolcha
Orc:2:    grunt_orc_tribal_feast, layout_caves, uniq_azrael

Skill      XL: |  1  2  3  4  5  6  7  8  9 10 11 12 13 14 15 16 17 |
---------------+----------------------------------------------------+-----
Unarmed Combat | 3 4 5 7 8 9 11 12 13 14 | 14.1
Fighting       | 5 6 7 9 10 11 12 13 14 | 14.0
Dodging        | 3 6 7 8 9 10 11 | 11.1
Invocations    | 4 7 8 9 10 | 10.0
Throwing       | 2 4 6 7 8 |  8.0
Armour         | 2 3 5 |  5.0
Spellcasting   | 1 4 5 6 9 10 | 10.0
Stealth        | 2 4 5 6 |  6.0
Transmutations | 4 6 8 9 |  9.1
Earth Magic    | 4 6 8 9 |  9.2

Action                   |  1- 3 |  4- 6 |  7- 9 | 10-12 | 13-15 | 16-18 || total
-------------------------+-------+-------+-------+-------+-------+-------++-------
Melee: Unarmed           |   133 |   271 |   379 |   670 |  1021 |   467 ||  2941
       Punch             |     2 |     1 |    19 |    77 |   111 |    51 ||   261
 Fire: Arbalest          |       |       |       |     4 |       |       ||     4
       Hand crossbow     |       |       |       |     1 |       |       ||     1
Throw: Javelin           |       |     3 |     8 |       |     1 |       ||    12
       Boomerang         |       |       |     1 |   125 |       |       ||   126
       Large rock        |       |       |       |     6 |    41 |     2 ||    49
 Cast: Statue Form       |       |       |       |       |     6 |    32 ||    38
       Mephitic Cloud    |       |       |       |       |     1 |     1 ||     2
       Apportation       |       |       |       |       |       |     3 ||     3
Invok: Slouch            |       |       |       |    11 |    10 |     7 ||    28
Evoke: Wand              |       |       |     4 |    12 |    12 |     1 ||    29
  Use: Scroll            |     4 |     3 |     8 |     7 |    12 |     3 ||    37
       Potion            |       |     1 |     8 |     3 |     2 |       ||    14
 Stab: Sleeping          |     4 |     1 |     8 |     7 |    17 |     3 ||    40
       Distracted        |       |     1 |       |     1 |     5 |     1 ||     8
       Confused          |       |       |       |       |       |     3 ||     3
  Eat: Chunk             |     2 |     8 |    12 |    10 |    13 |     8 ||    53
       Ration            |       |       |       |     2 |     3 |     5 ||    10
Armor: Robe              |    41 |   107 |    93 |   158 |   221 |    26 ||   646
       Skin              |       |     1 |       |     5 |   106 |   502 ||   614
Dodge: Dodged            |    80 |   197 |   202 |   596 |   996 |   997 ||  3068

Table legend:
 A = Non-vault XP
 B = Vault XP
 C = Vault XP percentage of total XP
 D = Non-vault monster count
 E = Vault monster count
 F = Vault count percentage of total count
                 A         B        C        D         E       F
            +---------+---------+-------+---------+---------+-------
      Total |  125747 |   73923 |  37.0 |     690 |     313 |  31.2
            +---------+---------+-------+---------+---------+-------
        D:1 |      38 |       2 |   5.0 |      18 |       1 |   5.3
        D:2 |      63 |       0 |   0.0 |      16 |       0 |   0.0
        D:3 |      75 |       0 |   0.0 |      19 |       0 |   0.0
        D:4 |     331 |      21 |   6.0 |      16 |       8 |  33.3
        D:5 |     624 |     159 |  20.3 |      23 |       3 |  11.5
        D:6 |     860 |       0 |   0.0 |      21 |       0 |   0.0
        D:7 |    1167 |     893 |  43.3 |      16 |      13 |  44.8
        D:8 |     772 |    1287 |  62.5 |      23 |       9 |  28.1
        D:9 |    2157 |     257 |  10.6 |      46 |       6 |  11.5
       D:10 |    3157 |    1516 |  32.4 |      27 |       2 |   6.9
       D:11 |    4022 |    2027 |  33.5 |      29 |      26 |  47.3
       D:12 |    5228 |    4200 |  44.5 |      37 |      24 |  39.3
       D:13 |   10321 |    5701 |  35.6 |      33 |      10 |  23.3
       D:14 |    5251 |    2015 |  27.7 |      29 |       1 |   3.3
       D:15 |    2448 |    2617 |  51.7 |       9 |       6 |  40.0
     Lair:1 |    4623 |       0 |   0.0 |      20 |       0 |   0.0
     Lair:2 |    3060 |    4232 |  58.0 |      16 |      24 |  60.0
     Lair:3 |    6785 |     968 |  12.5 |      30 |       2 |   6.2
     Lair:4 |    2234 |    1380 |  38.2 |      14 |       5 |  26.3
     Lair:5 |    7743 |       0 |   0.0 |      18 |       0 |   0.0
     Lair:6 |   14127 |   14639 |  50.9 |      44 |      58 |  56.9
    Swamp:1 |   11027 |    1816 |  14.1 |      26 |       1 |   3.7
    Swamp:2 |    9094 |       0 |   0.0 |      27 |       0 |   0.0
    Swamp:3 |   12068 |       0 |   0.0 |      37 |       0 |   0.0
    Swamp:4 |   10109 |   10013 |  49.8 |      29 |      18 |  38.3
      Orc:1 |    5855 |    2038 |  25.8 |      41 |       2 |   4.7
      Orc:2 |    2508 |    9952 |  79.9 |      26 |      38 |  59.4
      Sewer |       0 |     161 | 100.0 |       0 |      18 | 100.0
     Bailey |       0 |    1109 | 100.0 |       0 |      22 | 100.0
    Volcano |       0 |     704 | 100.0 |       0 |       2 | 100.0
   Gauntlet |       0 |    6216 | 100.0 |       0 |      14 | 100.0
            +---------+---------+-------+---------+---------+-------
